 Dungeon Crawl Stone Soup version 0.18.1-5-g4a78601 (webtiles) character file.

277 Gargoyl the Skirmisher (level 6, 0/48 HPs)
             Began as a Demonspawn Abyssal Knight on May 11, 2016.
             Was a Believer of Lugonu.
             Slain by a worker ant (1 damage)
             ... on level 4 of the Dungeon.
             The game lasted 00:07:53 (3472 turns).

Gargoyl the Skirmisher (Demonspawn Abyssal Knight)  Turns: 3472, Time: 00:07:55

Health: 0/48       AC: 11    Str: 13 (14) XL:     6   Next: 4%
Magic:  7/7        EV:  5    Int: 18 (19) God:    Lugonu [**....]
Gold:   141        SH:  3    Dex:  9 (12) Spells: 0 memorised, 5 levels left

rFire  . . .     SeeInvis .     a - +1 hand axe
rCold  + . .     Gourm    .     y - +0 chain mail (curse)
rNeg   . . .     Faith    .     s - +0 buckler
rPois  .         Spirit   .     (no helmet)
rElec  .         Dismiss  .     (no cloak)
rCorr  .         Reflect  .     (no gloves)
SustAt .         Harm     .     (no boots)
MR     .....                    (no amulet)
Stlth  ..........               (no ring)
                                h - ring of protection from cold

@: brilliant, lethally poisoned (0 -> -17), not resistant to hostile
enchantments, extremely unstealthy
A: thin metallic scales 1, powered by pain 1
a: Depart the Abyss, Bend Space, Renounce Religion


You were on level 4 of the Dungeon.
You worshipped Lugonu.
Lugonu was pleased with you.
You were not hungry.

You visited 1 branch of the dungeon, and saw 4 of its levels.
You visited the Abyss 1 time.

You collected 141 gold pieces.

Inventory:

Hand Weapons
 a - a +1 hand axe (weapon)
 w - a cursed +0 spear
Armour
 s - a +0 buckler (worn)
 y - a cursed +0 chain mail (worn)
Jewellery
 h - a ring of protection from cold (left hand)
Wands
 z - a wand of slowing (28/48)
Scrolls
 f - a scroll of fog {unknown}
 g - 3 scrolls of remove curse {unknown}
 i - a scroll of enchant weapon {unknown}
 j - 3 scrolls of recharging {unknown}
 m - a scroll of fear {unknown}
 p - 2 scrolls of teleportation {unknown}
 q - a scroll of random uselessness {unknown}
 t - 4 scrolls of identify {unknown}
 u - 2 scrolls of immolation {unknown}
Potions
 b - a potion of brilliance
 d - a potion of ambrosia {unknown}
 e - a potion of curing {unknown}
 l - a potion of resistance {unknown}
 n - a potion of might {unknown}
 o - a potion of lignification {unknown}
 x - a potion of degeneration
 C - 2 potions of berserk rage {unknown}
Comestibles
 c - 4 bread rations
 k - a slice of pizza
 r - 4 beef jerkies
 v - a meat ration
 B - 4 fruits


   Skills:
 + Level 4.0 Fighting
 + Level 3.0 Axes
 * Level 3.7 Armour
 + Level 2.2 Dodging
 + Level 0.6 Stealth
 + Level 0.1 Shields
 + Level 2.6 Invocations


You had 5 spell levels left.
You didn't know any spells.

Dungeon Overview and Level Annotations

Branches:
Dungeon (4/15)
 Temple: D:4-7

Altars:
Elyvilon
Gozag
Makhleb
Okawaru
Vehumet
Yredelemnul


Innate Abilities, Weirdness & Mutations

You are partially covered in thin metallic scales (AC +2).
You sometimes gain a little power by taking damage.


Message History

The worker ant is moderately wounded.
* * * LOW HITPOINT WARNING * * *
You feel sick. The worker ant barely misses you.
The worker ant bites you but does no damage. x2
Drink which item? (? for menu, Esc to quit)
It was a potion of degeneration.
There was something very wrong with that liquid.
You feel weakened.
You feel dopey.
You feel clumsy.
* * * LOW HITPOINT WARNING * * *
You feel sick.
The worker ant bites you but does no damage.
The worker ant barely misses you.
Drink which item? (? for menu, Esc to quit)
It was a potion of brilliance.
You feel clever all of a sudden.
* * * LOW HITPOINT WARNING * * *
You feel sick.
The worker ant bites you but does no damage. x2
The worker ant bites you.
You die...

### #############...###
....(.......+..##.#
.......#....#.##..######
......a......##........#
......a@.....+...⌠...<.#
#...........###........#
..#....####.(###..######
###.. ##.#.##.# .%..
#....#'## .##..
##......# . #.# #......#
#. ##.....# #.....#


You could see 2 worker ants.

Vanquished Creatures
  The ghost of Enish the Sneak, an amateur TeAs of Ashenzari (D:3)
  A hound (D:2)
  A worker ant (D:4)
  A hound skeleton (D:4)
  5 adders
  A shadow imp (D:3)
  An ooze (D:2)
  2 worms
  2 dart slugs
  2 giant geckos
  3 orcs (D:3)
  A ball python (D:1)
  6 bats
  5 giant cockroaches
  2 gnoll zombies (D:2)
  6 goblins
  15 hobgoblins
  5 kobolds
  2 quokkas (D:2)
  3 giant newts
  8 rats
73 creatures vanquished.

Notes
Turn   | Place    | Note
--------------------------------------------------------------
     0 | Abyss:1  | Gargoyl the Demonspawn Abyssal Knight began the quest for the Orb.
     0 | Abyss:1  | Reached XP level 1. HP: 18/18 MP: 2/2
    68 | Abyss:1  | Noticed a quasit
    79 | Abyss:1  | Noticed a ynoxinul
    84 | D:1      | Escaped the Abyss
   158 | D:1      | Reached skill level 1 in Dodging
   336 | D:1      | Gained mutation: You sometimes gain a little power by taking damage. [demonic ancestry]
   336 | D:1      | Reached XP level 2. HP: 21/24 MP: 3/3
   731 | D:1      | Reached * piety under Lugonu
   740 | D:2      | Found an iron altar of Okawaru.
   845 | D:2      | Reached XP level 3. HP: 26/29 MP: 4/4
   879 | D:2      | Found a burning altar of Makhleb.
  1257 | D:2      | Found a radiant altar of Vehumet.
  1257 | D:2      | Found a white marble altar of Elyvilon.
  1262 | D:2      | Reached XP level 4. HP: 35/37 MP: 5/5
  1668 | D:2      | Found a basalt altar of Yredelemnul.
  1961 | D:3      | Found a faded altar to an unknown god.
  2241 | D:3      | Noticed Enish's ghost (amateur TeAs)
  2265 | D:3      | Killed Enish's ghost
  2265 | D:3      | Gained mutation: You are partially covered in thin metallic scales (AC +2). [demonic ancestry]
  2265 | D:3      | Reached XP level 5. HP: 29/42 MP: 6/6
  2420 | D:3      | Reached ** piety under Lugonu
  2923 | D:3      | Found an opulent altar of Gozag.
  3037 | D:3      | Reached skill level 4 in Fighting
  3082 | D:3      | Noticed an ogre
  3141 | D:4      | Reached XP level 6. HP: 16/48 MP: 7/7
  3471 | D:4      | HP: 2/48 [poisoned by a worker ant]
  3472 | D:4      | Slain by a worker ant

Skill      XL: |  1  2  3  4  5 |
---------------+----------------+-----
Dodging        | 1 2 |  2.2
Armour         | 2 3 |  3.7
Axes           | 2 3 |  3.0
Fighting       | 4 |  4.0
Stealth        | |  0.6
Shields        | |  0.1
Invocations    | |  2.6

Action                   |  1- 3 |  4- 6 || total
-------------------------+-------+-------++-------
Melee: Hand axe          |   104 |   217 ||   321
Invok: Depart the Abyss  |     1 |       ||     1
Evoke: Wand              |       |     1 ||     1
  Use: Potion            |       |     2 ||     2
  Eat: Chunk             |     1 |     6 ||     7
       Fruit             |       |     2 ||     2
Armor: Ring mail         |    45 |    48 ||    93
       Chain mail        |       |   114 ||   114
Dodge: Dodged            |    66 |    82 ||   148
Block: Buckler           |       |    24 ||    24
